BSA
SO CAL HENVY @ NASSAU ROCKETS
03/16/2025
 
TOP OF THE 1ST
Los Angeles Bruins batting - Pitching for Nassau Rockets : LHP Bill Allan
Pitching: LHP Bill Allan
Batting: RHB William Richardson 0-0: Called Strike
0-1: Ball
1-1: Ball
2-1: Called Strike
2-2: Foul Ball, location: 2F
2-2: Strikes out swinging
Batting: SHB Ramón Lugo 0-0: Called Strike
0-1: Fly out, F9 (Flyball, 9S)
Batting: LHB Richard Hunter 0-0: Ball
1-0: Fly out, F5 (Popup, 5F)
Top of the 1st over - 0 run(s), 0 hit(s), 0 error(s), 0 left on base; Los Angeles 0 - Nassau 0
BOTTOM OF THE 1ST
Nassau Rockets batting - Pitching for Los Angeles Bruins : LHP Stanley Inman
Pitching: LHP Stanley Inman
Batting: RHB Vern Carlton 0-0: SINGLE (Line Drive, 34D)
Batting: SHB Howard Parker 0-0: Ball
1-0: Called Strike
1-1: Ball
2-1: Grounds into double play, 5-4-3 (Groundball, 5)
Batting: LHB Alden Lindsey 0-0: Fly out, F5 (Line Drive, 5)
Bottom of the 1st over - 0 run(s), 1 hit(s), 0 error(s), 0 left on base; Los Angeles 0 - Nassau 0
TOP OF THE 2ND
Los Angeles Bruins batting - Pitching for Nassau Rockets : LHP Bill Allan
Batting: RHB Rubén Calderón 0-0: Called Strike
0-1: Ball
1-1: Ball
2-1: Called Strike
2-2: Foul Ball, location: 2F
2-2: SINGLE (Line Drive, 6M)
Batting: LHB José Antonio Santiago 0-0: Called Strike
0-1: Foul Ball, location: 2F
0-2: Strikes out swinging
Batting: RHB Morgan Gibbon 0-0: Ball
Wild Pitch!
Rubén Calderón to second
1-0: DOUBLE (Line Drive, 4M)
Rubén Calderón scores
Batting: SHB Miguel González 0-0: Ground out 6-3 (Groundball, 6M)
Morgan Gibbon to third
Batting: RHB Mike Mills 0-0: Ball
1-0: Swinging Strike
1-1: Ground out U3 (Groundball, 3S)
Top of the 2nd over - 1 run(s), 2 hit(s), 0 error(s), 1 left on base; Los Angeles 1 - Nassau 0
BOTTOM OF THE 2ND
Nassau Rockets batting - Pitching for Los Angeles Bruins : LHP Stanley Inman
Batting: SHB Chris Bennis 0-0: SINGLE (Flyball, 89S)
Batting: LHB Andrew Alvarado 0-0: Ball
Chris Bennis steals 2nd base
1-0: Ball
2-0: Swinging Strike
2-1: Ball
3-1: Base on Balls
Batting: RHB Victor Antelo 0-0: Ball
1-0: Foul Ball, location: 2F
1-1: Ball
2-1: SINGLE (Line Drive, 3)
Chris Bennis to third
Andrew Alvarado to second
Batting: RHB Sadayoshi Kato 0-0: Ball
1-0: Swinging Strike
1-1: Foul Ball, location: 2F
1-2: Foul Ball, location: 2F
1-2: Fly out, F4 (Popup, 3D)
Batting: LHB Doug Thompson 0-0: Called Strike
0-1: Swinging Strike
0-2: Ball
1-2: Strikes out swinging
Batting: LHB Rafael Delgado 0-0: Ground out 4-3 (Groundball, 4)
Bottom of the 2nd over - 0 run(s), 2 hit(s), 0 error(s), 3 left on base; Los Angeles 1 - Nassau 0
TOP OF THE 3RD
Los Angeles Bruins batting - Pitching for Nassau Rockets : LHP Bill Allan
Batting: RHB Gregg Nelson 0-0: Ground out 3-1 (Groundball, 34)
Batting: RHB William Richardson 0-0: Swinging Strike
0-1: Ball
1-1: Ball
2-1: Foul Ball, location: 2F
2-2: Ball
3-2: Foul Ball, location: 2F
3-2: Ground out 6-3 (Groundball, 6M)
Batting: SHB Ramón Lugo 0-0: Called Strike
0-1: Ball
1-1: Swinging Strike
1-2: Foul Ball, location: 2F
1-2: Strikes out swinging
Top of the 3rd over - 0 run(s), 0 hit(s), 0 error(s), 0 left on base; Los Angeles 1 - Nassau 0
BOTTOM OF THE 3RD
Nassau Rockets batting - Pitching for Los Angeles Bruins : LHP Stanley Inman
Batting: RHB Vern Carlton 0-0: Called Strike
0-1: SINGLE (Line Drive, 4MD)
Batting: SHB Howard Parker 0-0: Swinging Strike
0-1: Ball
1-1: Ball
2-1: Ground out 6-3 (Groundball, 6M)
Vern Carlton to second
Batting: LHB Alden Lindsey 0-0: Ball
1-0: Ball
2-0: Foul Ball, location: 2F
2-1: SINGLE (Flyball, 78S)
Vern Carlton to third
Batting: SHB Chris Bennis 0-0: Called Strike
0-1: Fly out, F9 (Flyball, 9M)
Throwing error, E9
Vern Carlton scores
Alden Lindsey to second
Batting: LHB Andrew Alvarado 0-0: Ball
1-0: Ball
2-0: Called Strike
2-1: Foul Ball, location: 2F
2-2: Ball
3-2: Fly out, F7 (Flyball, 7M)
Bottom of the 3rd over - 1 run(s), 2 hit(s), 1 error(s), 1 left on base; Los Angeles 1 - Nassau 1
TOP OF THE 4TH
Los Angeles Bruins batting - Pitching for Nassau Rockets : LHP Bill Allan
Batting: LHB Richard Hunter 0-0: Swinging Strike
0-1: Ball
1-1: Ball
2-1: Called Strike
2-2: Foul Ball, location: 2F
2-2: Ball
3-2: Strikes out swinging
Batting: RHB Rubén Calderón 0-0: Fly out, F7 (Flyball, 78M)
Batting: LHB José Antonio Santiago 0-0: Ground out 4-3 (Groundball, 4)
Top of the 4th over - 0 run(s), 0 hit(s), 0 error(s), 0 left on base; Los Angeles 1 - Nassau 1
BOTTOM OF THE 4TH
Nassau Rockets batting - Pitching for Los Angeles Bruins : LHP Stanley Inman
Batting: RHB Victor Antelo 0-0: Called Strike
0-1: Foul Ball, location: 2F
0-2: Ball
1-2: Ball
2-2: Ball
3-2: Fly out, F7 (Flyball, 7M)
Batting: RHB Sadayoshi Kato 0-0: Fly out, F7 (Flyball, 7M)
Batting: LHB Doug Thompson 0-0: Called Strike
0-1: DOUBLE (Line Drive, 78D)
Batting: LHB Rafael Delgado 0-0: Called Strike
0-1: Ball
1-1: Fly out, F5 (Popup, 5SF)
Bottom of the 4th over - 0 run(s), 1 hit(s), 0 error(s), 1 left on base; Los Angeles 1 - Nassau 1
TOP OF THE 5TH
Los Angeles Bruins batting - Pitching for Nassau Rockets : LHP Bill Allan
Pitching: RHP Ángel Lara
Batting: RHB Morgan Gibbon 0-0: Called Strike
0-1: Foul Ball, location: 2F
0-2: Ball
1-2: Strikes out swinging
Batting: SHB Miguel González 0-0: Ball
1-0: Ground out 5-3 (Groundball, 5S)
Batting: RHB Mike Mills 0-0: Ball
1-0: Ground out 5-3 (Groundball, 5)
Top of the 5th over - 0 run(s), 0 hit(s), 0 error(s), 0 left on base; Los Angeles 1 - Nassau 1
BOTTOM OF THE 5TH
Nassau Rockets batting - Pitching for Los Angeles Bruins : LHP Stanley Inman
Pitching: RHP António Juárez
Batting: RHB Vern Carlton 0-0: Ball
1-0: Foul Ball, location: 2F
1-1: SINGLE (Line Drive, 78S)
Batting: SHB Howard Parker 0-0: Called Strike
0-1: Called Strike
0-2: SINGLE (Line Drive, 78S)
Vern Carlton to second
Batting: LHB Alden Lindsey 0-0: Called Strike
0-1: Foul Ball, location: 2F
0-2: Strikes out swinging
Batting: SHB Chris Bennis 0-0: Called Strike
0-1: Foul Ball, location: 2F
0-2: Strikes out swinging
Batting: LHB Andrew Alvarado 0-0: Fly out, F8 (Line Drive, 8LM)
Bottom of the 5th over - 0 run(s), 2 hit(s), 0 error(s), 2 left on base; Los Angeles 1 - Nassau 1
TOP OF THE 6TH
Los Angeles Bruins batting - Pitching for Nassau Rockets : RHP Ángel Lara
Batting: RHB Gregg Nelson 0-0: Called Strike
0-1: Ball
1-1: Swinging Strike
1-2: Strikes out swinging
Batting: RHB William Richardson 0-0: Foul Ball, location: 2F
0-1: Ball
1-1: Ball
2-1: Ball
3-1: Base on Balls
Batting: SHB Ramón Lugo 0-0: Swinging Strike
William Richardson is caught stealing 2nd base
0-1: Ball
1-1: Fly out, F9 (Popup, 9S)
Top of the 6th over - 0 run(s), 0 hit(s), 0 error(s), 0 left on base; Los Angeles 1 - Nassau 1
BOTTOM OF THE 6TH
Nassau Rockets batting - Pitching for Los Angeles Bruins : RHP António Juárez
Batting: RHB Victor Antelo 0-0: Called Strike
0-1: Swinging Strike
0-2: Strikes out looking
Batting: RHB Sadayoshi Kato 0-0: Foul Ball, location: 2F
0-1: Ball
1-1: Ball
2-1: Ball
3-1: Called Strike
3-2: SINGLE (Line Drive, 4M)
Batting: LHB Doug Thompson 0-0: Called Strike
0-1: Ball
1-1: Ball
2-1: Ball
3-1: Base on Balls
Sadayoshi Kato to second
Batting: LHB Rafael Delgado 0-0: Called Strike
0-1: Ball
1-1: Ball
2-1: Foul Ball, location: 2F
2-2: Ball
3-2: Foul Ball, location: 2F
3-2: Fielders Choice at 2nd, 4-6 (Groundball, 4)
Sadayoshi Kato to third
Pinch Hitting: LHB Enrique Cortéz 0-0: Ball
1-0: Swinging Strike
1-1: Swinging Strike
1-2: Foul Ball, location: 2F
1-2: Strikes out swinging
Bottom of the 6th over - 0 run(s), 1 hit(s), 0 error(s), 2 left on base; Los Angeles 1 - Nassau 1
TOP OF THE 7TH
Los Angeles Bruins batting - Pitching for Nassau Rockets : RHP Ángel Lara
Pitching: LHP Kai-ge Hui
Now at SS: Felipe Cruz
Batting: LHB Richard Hunter 0-0: Foul Ball, location: 2F
0-1: Ball
1-1: Foul Ball, location: 2F
1-2: Ground out 4-3 (Groundball, 34)
Batting: RHB Rubén Calderón 0-0: Ball
1-0: Foul Ball, location: 2F
1-1: Swinging Strike
1-2: Ball
2-2: Foul Ball, location: 2F
2-2: Strikes out swinging
Batting: LHB José Antonio Santiago 0-0: Called Strike
0-1: Foul Ball, location: 2F
0-2: SINGLE (Groundball, 3D)
Batting: RHB Morgan Gibbon 0-0: Called Strike
José Antonio Santiago is caught stealing 2nd base
Top of the 7th over - 0 run(s), 1 hit(s), 0 error(s), 0 left on base; Los Angeles 1 - Nassau 1
BOTTOM OF THE 7TH
Nassau Rockets batting - Pitching for Los Angeles Bruins : RHP António Juárez
Pitching: RHP Orlando Ojeda
Pinch Hitting: LHB Phil Smith 0-0: Called Strike
0-1: Ground out 6-3 (Groundball, 6M)
Pinch Hitting: LHB Jimmy Husted 0-0: Ball
1-0: Ball
2-0: Foul Ball, location: 2F
2-1: Foul Ball, location: 2F
2-2: Foul Ball, location: 2F
2-2: Ball
3-2: Strikes out swinging
Pinch Hitting: LHB Bob Martin 0-0: Called Strike
0-1: Swinging Strike
0-2: Ball
1-2: Strikes out looking
Bottom of the 7th over - 0 run(s), 0 hit(s), 0 error(s), 0 left on base; Los Angeles 1 - Nassau 1
TOP OF THE 8TH
Los Angeles Bruins batting - Pitching for Nassau Rockets : LHP Kai-ge Hui
Now at 1B: José Hernández
Now at 2B: Bob Martin
Now in RF: Phil Smith
Batting: RHB Morgan Gibbon 0-0: Ball
1-0: Called Strike
1-1: Ball
2-1: Ball
3-1: Base on Balls
Pinch Runner at 1st John Robbins:
Batting: SHB Miguel González 0-0: Called Strike
0-1: Foul Ball, location: 2F
0-2: Ball
1-2: Ball
2-2: Ball
3-2: Base on Balls
John Robbins to second
Batting: RHB Mike Mills 0-0: Ball
1-0: Ball
2-0: SINGLE (Line Drive, 56D)
John Robbins to third
Miguel González to second
Batting: RHB Gregg Nelson 0-0: Called Strike
0-1: Ball
1-1: SINGLE (Groundball, 6MD)
John Robbins scores
Miguel González to third
Mike Mills to second
Runner from 3rd tries for Home, SAFE, no throw or cutoff
Pinch Hitting: RHB Tom Doherty 0-0: Bunt missed!
0-1: Ball
1-1: Reached on error, E1 (Groundball, 13S)
Mike Mills to third
Gregg Nelson to second
Batting: SHB Ramón Lugo 0-0: Ball
1-0: Ball
2-0: Called Strike
2-1: SINGLE (Line Drive, 9LS)
Mike Mills scores
Gregg Nelson to third
Tom Doherty to second
Pitching: LHP Dave Miller
Batting: LHB Richard Hunter 0-0: Called Strike
0-1: Fly out, F6 (Popup, 56D)
Batting: RHB Rubén Calderón 0-0: Called Strike
0-1: Ball
1-1: Ball
2-1: Ball
3-1: Base on Balls
Gregg Nelson scores
Tom Doherty to third
Ramón Lugo to second
Pinch Hitting: LHB Jerry Bryan 0-0: Foul Ball, location: 2F
0-1: Foul Ball, location: 2F
0-2: Ball
1-2: Foul Ball, location: 2F
1-2: Foul Ball, location: 2F
1-2: Foul Ball, location: 2F
1-2: Strikes out swinging
Batting: LHB John Robbins 0-0: Called Strike
0-1: Ground out 6-3 (Groundball, 6)
Top of the 8th over - 4 run(s), 3 hit(s), 1 error(s), 3 left on base; Los Angeles 5 - Nassau 1
BOTTOM OF THE 8TH
Nassau Rockets batting - Pitching for Los Angeles Bruins : RHP Orlando Ojeda
Now at 1B: Jerry Bryan
Now in LF: John Robbins
Now in CF: Alexandre Chabot
Pinch Hitting: LHB Wilson Allen 0-0: Ball
1-0: Ball
2-0: Fly out, F7 (Flyball, 78S)
Batting: RHB Victor Antelo 0-0: Foul Ball, location: 2F
0-1: Ground out 4-3 (Groundball, 4M)
Pinch Hitting: RHB Francisco Rincón 0-0: Called Strike
0-1: Ball
1-1: Called Strike
1-2: Ground out 4-3 (Groundball, 4)
Bottom of the 8th over - 0 run(s), 0 hit(s), 0 error(s), 0 left on base; Los Angeles 5 - Nassau 1
TOP OF THE 9TH
Los Angeles Bruins batting - Pitching for Nassau Rockets : LHP Dave Miller
Pitching: RHP Alejandro Pérez
Now at 3B: Francisco Rincón
Now in LF: Suezo Sugimoto
Batting: SHB Miguel González 0-0: Called Strike
0-1: Ball
1-1: Ground out 4-3 (Groundball, 4)
Pitching: RHP Juan Franco
Batting: RHB Mike Mills 0-0: Ball
1-0: Foul Ball, location: 2F
1-1: Foul Ball, location: 2F
1-2: Foul Ball, location: 2F
1-2: DOUBLE (Line Drive, 89XD)
Pitching: RHP Augusto Muńíz
Pinch Hitting: LHB Paco Rivera 0-0: Intentional Walk
Pitching: RHP José García
Batting: SHB Alexandre Chabot 0-0: Ball
1-0: Called Strike
1-1: Swinging Strike
1-2: Grounds into double play, 5-4-3 (Groundball, 56)
Top of the 9th over - 0 run(s), 1 hit(s), 0 error(s), 1 left on base; Los Angeles 5 - Nassau 1
BOTTOM OF THE 9TH
Nassau Rockets batting - Pitching for Los Angeles Bruins : RHP Orlando Ojeda
Now at 3B: Richard Coker
Batting: RHB Ed Sims 0-0: Ball
1-0: Fly out, F9 (Line Drive, 89M)
Pinch Hitting: RHB Shih-k'ai Huang 0-0: Ball
1-0: Reached on Error, E7 (Flyball, 7M)
Batting: LHB Felipe Cruz 0-0: Called Strike
0-1: Fielders Choice at 2nd, 4-6 (Groundball, 4)
Batting: LHB Phil Smith 0-0: Foul Ball, location: 2F
0-1: Ball
1-1: SINGLE (Groundball, 4MD)
Felipe Cruz to second
Pitching: RHP Mike Drader
Batting: RHB José Hernández 0-0: Ball
1-0: Called Strike
1-1: Fly out, F8 (Flyball, 78XD)
Bottom of the 9th over - 0 run(s), 1 hit(s), 1 error(s), 2 left on base; Los Angeles 5 - Nassau 1
This league is powered by Out of the Park Baseball, the baseball management simulation game for PC, Mac and Linux
Tuesday, August 2nd, 2016 - OOTP Baseball 16.8 Build 38